 Dungeon Crawl Stone Soup version 0.23.0 (webtiles) character file.

Game seed: 2148954939085738349

45 Laan the Chopper (level 3, -1/33 HPs)
             Began as a Naga Gladiator on Feb 12, 2019.
             Slain by a sky beast (6 damage)
             ... on level 3 of the Dungeon.
             The game lasted 00:02:05 (1762 turns).

Laan the Chopper (Naga Gladiator)                   Turns: 1762, Time: 00:02:05

Health: -1/33      AC:  4    Str: 15    XL:     3   Next: 64%
Magic:  3/3        EV: 10    Int:  8    God:
Gold:   37         SH:  0    Dex: 12    Spells: 2/2 levels left

rFire    . . .     SeeInvis +   a - +0 war axe
rCold    + . .     Gourm    .   (no shield)
rNeg     . . .     Faith    .   b - +0 leather armour
rPois    +         Spirit   .   (helmet restricted)
rElec    .         Reflect  .   o - +0 cloak
rCorr    .         Harm     .   p - +0 pair of gloves
MR       .....                  (no barding)
Stlth    +.........             (no amulet)
HPRegen  0.11/turn              (no ring)
MPRegen  0.08/turn              (no ring)

@: very slow
A: large, horns 1, stinger 1, see invisible, cold resistance 1, deformed body,
poison resistance, slowness 2, slow metabolism 1, spit poison 1, weak 1, AC +1
a: Spit Poison


You were on level 3 of the Dungeon.
You were not hungry.

You visited 1 branch of the dungeon, and saw 3 of its levels.

You collected 37 gold pieces.

Inventory:

Hand Weapons
 a - a +0 war axe (weapon)
Missiles
 d - 3 throwing nets (quivered)
Armour
 b - a +0 leather armour (worn)
 c - a +0 helmet
 o - a +0 cloak (worn)
 p - a +0 pair of gloves (worn)
Scrolls
 e - a scroll of identify {unknown}
 i - 2 scrolls of teleportation {unknown}
 k - 3 scrolls of noise {unknown}
 m - a scroll of blinking {unknown}
 n - a scroll of fear {unknown}
Potions
 j - a potion of cancellation {unknown}
 l - a potion of might {unknown}
 q - a potion of degeneration {unknown}
Comestibles
 f - 5 rations
 g - a chunk of flesh


   Skills:
 + Level 2.7 Fighting
 * Level 4.1 Axes
 - Level 1.7 Throwing
 - Level 2.4 Dodging


You had 2 spell levels left.
You didn't know any spells.
Your spell library contained the following spells:

 Spells                   Type           Power        Failure   Level  Hunger
 Confusing Touch          Hex            #.....       47%         1    ##.....
 Confuse                  Hex            #.......     85%         3    ####...
 Gell's Gravitas          Tloc           #.........   85%         3    ####...
 Petrify                  Tmut/Erth      #.......     99%         4    #####..
 Metabolic Englaciation   Hex/Ice        #.........   100%        5    ######.
 Yara's Violent Unravell  Hex/Tmut       #.........   100%        5    ######.


Dungeon Overview and Level Annotations

Branches:
Dungeon (3/15)

Altars:
Nemelex Xobeh


Innate Abilities, Weirdness & Mutations

You cannot wear boots.
Your serpentine skin is tough. (AC +1)
You have supernaturally acute eyesight. (SInv)
Armour fits poorly on your strangely shaped body.
Your system is resistant to poisons. (rPois)
You cover ground very slowly.
You have a slow metabolism.
You can spit poison.
You have a pair of small horns on your head.
Your tail ends in a poisonous barb.
Your flesh is cold resistant. (rC+)
You are weak. (Str -2)


Message History

You miss the sky beast. The sky beast hits you. The sky beast shocks you.
You closely miss the sky beast. The sky beast closely misses you.
The sky beast hits you. The sky beast shocks you.
You barely miss the sky beast. The sky beast barely misses you.
You closely miss the sky beast. The sky beast hits you.
The sky beast shocks you.
You are too injured to fight recklessly!
You barely miss the sky beast. The sky beast hits you.
The sky beast shocks you.
* * * LOW HITPOINT WARNING * * *
It was a potion of mutation.
You feel extremely strange.
You feel resistant to cold.
A poisonous barb forms on the end of your tail.
You feel weaker. A pair of horns grows on your head!
Your +0 helmet falls away!
The sky beast flickers out of sight for a moment.
The sky beast hits you.
* * * LOW HITPOINT WARNING * * *
The sky beast shocks you.
You die...

+....#.#
##...#.# #...#.#
#÷..#.# #...#.#
#######÷..#.####
#...............
#.#####..Y..####
###.#####.@...#
..............#
#.............#
###.#####...#.#
........
##..##.### #..#
.# #..# # #..#


You could see a sky beast (invisible).

Vanquished Creatures
  An adder (D:3)
  An ooze (D:2)
  A worm (D:2)
  A dart slug (D:1)
  A leopard gecko (D:1)
  2 bats
  4 giant cockroaches (D:1)
  3 goblins (D:1)
  A hobgoblin (D:2)
  3 kobolds
  2 quokkas (D:2)
  3 rats
23 creatures vanquished.

Notes
Turn   | Place    | Note
-------+----------+-------------------------------------------
     0 | D:1      | Laan the Naga Gladiator began the quest for the Orb.
     0 | D:1      | Reached XP level 1. HP: 19/19 MP: 1/1
   158 | D:1      | Reached XP level 2. HP: 11/26 MP: 2/2
   729 | D:1      | You fall through a shaft!
   754 | D:2      | Found a sparkling altar of Nemelex Xobeh.
  1025 | D:2      | Reached XP level 3. HP: 26/33 MP: 3/3
  1431 | D:2      | Found a faded altar of an unknown god.
  1735 | D:3      | Reached skill level 4 in Axes
  1754 | D:3      | Noticed a sky beast
  1762 | D:3      | Gained mutation: Your flesh is cold resistant. (rC+)
                  | [potion of mutation]
  1762 | D:3      | Gained mutation: Your tail ends in a poisonous barb.
                  | [potion of mutation]
  1762 | D:3      | Gained mutation: You are weak. (Str -2) [potion of
                  | mutation]
  1762 | D:3      | Gained mutation: You have a pair of small horns on your
                  | head. [potion of mutation]
  1762 | D:3      | Slain by a sky beast

Skill      XL: |  1  2  3 |
---------------+----------+-----
Axes           | 4 |  4.1
Fighting       | |  2.7
Throwing       | |  1.7
Dodging        | |  2.4

Action                   || total
-------------------------++-------
Melee: War axe           ||    95
 Abil: Spit Poison       ||     1
  Use: Potion            ||     1
  Eat: Chunk             ||     2
Armor: Leather armour    ||    29
Dodge: Dodged            ||    47
